AoeStats
← NPG | Shimishi Maki

MegaRandom

508752646Analyzed
4v4 RM · 8d ago on Sep 23, 2026· 39m 18s· 8 players
Game mode
Random Map
Map size
Large (8 player)
Population
200
Speed
Normal
Resources
Standard
Victory
Conquest
Starting age
Dark Age
Ending age
Imperial Age
RankedLock teamsTeams togetherTeam positionsShared explorationLock speedFull tech treeHidden civsTurbo modeCheats
Victory
Defeat
🇦🇷 Khitans · Argentina
1819
+6
1656
+11
🇦🇷 Bengalis · Argentina
1561
+15
1503
+18
🇨🇱 Khmer · Chile
1679
-17
🇦🇷 Saxons · Argentina
1575
-13
🇦🇷 Teutons · Argentina
1533
-12
🇦🇷 Persians · Argentina
1427
-8
CTM | VaccumDestroyer
1:24 Loom
10:47 Feudal Age
13:54 Fletching
19:36 Padded Archer Armor
24:43 Castle Age
25:22 Bodkin Arrow
24:58 Crossbowman
32:14 Ballistics
33:30 Leather Archer Armor
CTMl cachi
6:32 Loom
9:27 Feudal Age
12:55 Forging
19:53 Scale Barding Armor
25:15 Castle Age
25:18 Double-Bit Axe
25:33 Light Cavalry
26:40 Chain Barding Armor
28:57 Husbandry
(GDL)Ultthor
7:12 Loom
9:41 Feudal Age
10:18 Double-Bit Axe
18:08 Wheelbarrow
22:31 Castle Age
20:50 Horse Collar
22:08 Bloodlines
22:28 Scale Barding Armor
22:21 Gold Mining
22:59 Forging
23:53 Chain Barding Armor
23:17 Light Cavalry
24:26 Bow Saw
29:13 Husbandry
30:38 Heavy Plow
33:22 Iron Casting
34:42 Hand Cart
41:38 Imperial Age
39:31 Town Watch
CTM | Lelouch Jogo Bonito
0:44 Loom
13:04 Feudal Age
19:34 Castle Age
21:50 Double-Bit Axe
29:22 Sanctity
32:55 Fletching
39:26 Bodkin Arrow
Pipo
8:33 Feudal Age
8:43 Loom
9:17 Double-Bit Axe
16:10 Scale Barding Armor
22:24 Forging
27:17 Castle Age
26:12 Horse Collar
29:26 Bow Saw
URU | Deo
1:43 Loom
11:44 Feudal Age
12:10 Double-Bit Axe
12:22 Man-at-Arms
12:55 Horse Collar
24:22 Castle Age
28:44 Bow Saw
32:26 Fletching
35:16 Bodkin Arrow
NPG | Shimishi Maki
8:08 Feudal Age
9:05 Loom
9:10 Loom
9:15 Double-Bit Axe
10:01 Horse Collar
15:58 Bloodlines
16:25 Forging
16:50 Scale Barding Armor
21:50 Castle Age
22:04 Light Cavalry
23:35 Chain Barding Armor
24:32 Husbandry
27:14 Gold Mining
30:50 Heavy Plow
31:00 Bow Saw
31:15 Fletching
35:17 Bodkin Arrow
36:18 Iron Casting
VOY TEUTONES VOY
4:02 Loom
11:58 Feudal Age
19:06 Castle Age
18:57 Double-Bit Axe
24:59 Town Watch
26:08 Bow Saw
26:47 Wheelbarrow
26:36 Scale Barding Armor
27:06 Scale Mail Armor
27:54 Chain Barding Armor
28:16 Forging
28:18 Bloodlines
31:23 Fletching
36:14 Hand Cart
38:03 Bodkin Arrow
Connection lost

Rejoining the realm…

Still unreachable

The connection could not be restored.

Session expired

The server has moved on; the page needs a fresh start.